 Dungeon Crawl Stone Soup version 0.30.1-11-g7821555f0a (webtiles) character file.

Game seed: 7310694983396426020

1123 caec the Insei (level 8, -8/54 HPs)
             Began as a Pale Draconian Transmuter on Dec 19, 2023.
             Was an Elder of Hepliaklqana.
             Mangled by an orc warrior
             ... wielding a +0 glaive
              (18 damage)
             ... on level 7 of the Dungeon.
             The game lasted 00:20:14 (4372 turns).

caec the Insei (Pale Draconian Transmuter)          Turns: 4372, Time: 00:20:14

Health: -8/54      AC:  6    Str: 12    XL:     8   Next: 13%
Magic:  13/13      EV: 13    Int: 13    God:    Hepliaklqana [****..]
Gold:   325        SH:  5    Dex: 15    Spells: 8/14 levels left

rFire   . .          .
                       - Unarmed
rCold   . . .        (no shield)
rNeg    . . .        (body armour unavailable)
rPois   .            (helmet restricted)
rElec   .            (no cloak)
rCorr   .            (no gloves)
SInv    .            (no boots)
Will    .....        l - amulet of reflection
Stlth   ++           u - ring of wizardry
HPRegen 0.29/turn    (no ring)
MPRegen 0.13/turn

%: reflection, wizardry (x1)
@: short of breath, wereblooded (expiring), flying
A: reduced essence, breathe steam, AC +6, unfitting armour, cold-blooded, steam
resistance, big wings, horns 1, stinger 1
a: Breathe Steam, Renounce Religion, Recall Ancestor, Ancestor Identity,
Transference, Idealise


You were on level 7 of the Dungeon.
You worshipped Hepliaklqana.
Hepliaklqana was greatly pleased with you.
You visited 1 branch of the dungeon, and saw 7 of its levels.

You collected 325 gold pieces.

Inventory:

Missiles
 e - 21 poisoned darts (quivered)
 i - a throwing net
 z - a curare-tipped dart
Jewellery
 l - an amulet of reflection (around neck)
 u - a ring of wizardry (left hand)
Wands
 c - a wand of digging (6)
 p - a wand of iceblast (2)
 A - a wand of polymorph (10)
Scrolls
 b - 3 scrolls of immolation
 f - 2 scrolls of teleportation
 j - a scroll of butterflies {unknown}
 m - a scroll of vulnerability {unknown}
 n - a scroll of poison {unknown}
 o - a scroll of enchant weapon {unknown}
 s - a scroll of enchant armour {unknown}
 x - a scroll of torment {unknown}
 y - a scroll of identify
Potions
 a - 2 potions of lignification
 d - 5 potions of curing
 g - 3 potions of heal wounds
 h - a potion of might
 k - 2 potions of haste {unknown}
 q - a potion of flight {unknown}
 r - a potion of magic {unknown}
 t - a potion of resistance {unknown}
 v - a potion of degeneration {unknown}
 w - a potion of brilliance {unknown}


   Skills:
 + Level 1.7 Fighting
 + Level 2.6 Throwing
 + Level 3.7 Dodging
 + Level 2.0 Stealth
 + Level 0.3 Shields
 * Level 5.4 Unarmed Combat
 + Level 3.9 Spellcasting
 * Level 5.1 Transmutations
 + Level 0.5 Evocations


You had 8 spell levels left.
You knew the following spells:

 Your Spells              Type           Power      Damage    Failure   Level
a - Beastly Appendage     Tmut           32%        N/A       1%          1
b - Wereblood             Tmut           16%        N/A       1%          2
c - Spider Form           Tmut/Pois      9%         N/A       9%          3

Your spell library contained the following spells:

 Spells                   Type           Power      Damage    Failure   Level
 Kiss of Death            Conj/Necr      8%         2d6       9%          1
 Confusing Touch          Hex            2%         N/A       26%         3
 Inner Flame              Hex/Fire       2%         N/A       26%         3
 Vhi's Electric Charge    Tloc/Air       4%         N/A       26%         3
 Ice Form                 Ice/Tmut       9%         N/A       28%         4
 Dispel Undead            Necr           2%         3d7       61%         4
 Arcjolt                  Conj/Air       1%         1d11      90%         5
 Summon Forest            Summ/Tloc      1%         N/A       90%         5
 Eringya's Noxious Bog    Tmut/Pois      4%         N/A       98%         6
 Plasma Beam              Fire/Air       1%         2x1d12    100%        6
 Summon Hydra             Summ           1%         N/A       100%        7


Dungeon Overview and Level Annotations

Branches:
Dungeon (7/15)             Temple (0/1) D:7

Altars:
Ashenzari
Hepliaklqana
Yredelemnul


Innate Abilities, Weirdness & Mutations

Your life essence is reduced to manifest your ancestor. (-10% HP)
You can breathe blasts of scalding, opaque steam.
Your pale cyan-grey scales are hard. (AC +6)
You cannot fit into any form of body armour.
You are cold-blooded and may be slowed by cold attacks.
You are immune to the effects of steam.
Your large and strong wings let you fly.
You have a pair of small horns on your head.
Your tail ends in a venomous barb.


Message History

Your headbutt misses the orc warrior.
The orc warrior is lightly wounded.
The ice beast closely misses you.
The gnoll sergeant hits you from afar with a +3 spear of pain.
You writhe in agony.
The orc warrior closely misses you.
Necuametl hits the orc warrior with a +0 flail!
You hit the orc warrior. You headbutt the orc warrior.
The orc warrior is heavily wounded.
The ice beast closely misses you.
The gnoll sergeant hits you from afar with a +3 spear of pain.
You block the orc warrior's attack.
Aiming: Breathe Steam (1% risk of failure)
Press: ? - help, Shift-Dir - straight line, f - ice beast
Aim: an ice beast (71% to hit)
You exhale a blast of scalding steam.
The ball of steam hits the ice beast!
The ice beast is moderately wounded.
The ice beast is engulfed in a cloud of scalding steam.
The ice beast barely misses you.
The gnoll sergeant hits you from afar with a +3 spear of pain!
You writhe in agony.
You block the orc warrior's attack.
Necuametl closely misses the orc warrior.
You barely miss the ice beast. You headbutt the ice beast!
You tail-slap the ice beast.
The ice beast is almost dead.
Your primal bloodlust is almost over.
The ice beast is engulfed in a cloud of scalding steam.
The ice beast misses you.
The gnoll sergeant hits you from afar with a +3 spear of pain!
* * * LOW HITPOINT WARNING * * *
The orc warrior hits you but does no damage.
Necuametl hits the orc warrior with a +0 flail!
You feel much better.
The ice beast hits you but does no damage.
You block the gnoll sergeant's attack.
The orc warrior hits you with a +0 glaive!!
* * * LOW HITPOINT WARNING * * *
Unknown command.
You block the ice beast's attack.
The orc warrior hits you from afar with a +0 glaive!!
You die...

.##............###.. Y #..
#............###.. 8##..
#>....§.####.....# ~..... ##..#
#.......##........ #.###.##...#
#.......#.......#. ##.©.##....#
#..§§§.....##.....
.#####.....######.§.§......#....#
...........(...)).§§............#
#/.......<....##@Y##.......#....#
##.........####R).##..........#..
.......<...#...og##........##....
###.......##.##.##........... ##.
##......g# #..##..........#
##.#......#.##...........
.........#......##.....
..........#)....## #.#
..........R..#


You could see the friendly Necuametl the knight, an orc warrior (ally target),
an ice beast and a gnoll sergeant.

Vanquished Creatures
  A water moccasin (D:7)
  An ice beast (D:6)
  2 ogres
  A kobold brigand (D:7)
  A scorpion (D:5)
  Dowan (D:5)
  2 jellies
  An orc wizard (D:4)
  3 gnolls (D:7)
  3 adders
  An ufetubus (D:5)
  A dart slug (D:1)
  8 orcs
  9 bats
  4 endoplasms
  A giant cockroach (D:3)
  3 goblins
  8 hobgoblins
  3 quokkas
  9 ball pythons
  3 frilled lizards (D:1)
  6 kobolds
  3 rats
75 creatures vanquished.

Vanquished Creatures (collateral kills)
  Duvessa (D:5)
  Blork the orc (D:5)
  3 jellies (D:6)
  An orc wizard (D:4)
  A gnoll (D:7)
  3 adders
  2 shadow imps
  A white imp (D:5)
  2 orcs
  2 endoplasms
  A giant cockroach (D:1)
  2 hobgoblins
  3 kobolds
23 creatures vanquished.

Vanquished Creatures (others)
  3 knights
3 creatures vanquished.

Grand Total: 101 creatures vanquished

Notes
Turn   | Place    | Note
-------+----------+-------------------------------------------
     0 | D:1      | caec the Draconian Transmuter began the quest for the Orb.
     0 | D:1      | Reached XP level 1. HP: 16/16 MP: 3/3
    90 | D:1      | Found a faded altar of an unknown god.
   101 | D:1      | Prayed at the altar of an unknown god.
   101 | D:1      | Became a worshipper of Hepliaklqana the Forgotten
   101 | D:1      | Reached * piety under Hepliaklqana
   125 | D:1      | Reached XP level 2. HP: 20/20 MP: 3/5
   132 | D:1      | Learned a level 2 spell: Wereblood
   565 | D:1      | Reached XP level 3. HP: 25/25 MP: 4/6
   766 | D:2      | Reached ** piety under Hepliaklqana
   767 | D:2      | Remembered your ancestor Necuametl as a knight
  1608 | D:3      | Reached XP level 4. HP: 31/31 MP: 5/7
  1612 | D:3      | Learned a level 3 spell: Spider Form
  1732 | D:3      | Noticed an ogre
  1763 | D:3      | Killed an ogre
  1764 | D:3      | Reached skill level 1 in Stealth
  1764 | D:3      | Reached XP level 5. HP: 27/36 MP: 6/9
  2308 | D:4      | Reached *** piety under Hepliaklqana
  2329 | D:4      | Found a hazy altar of Hepliaklqana.
  2803 | D:4      | Noticed an ogre
  2816 | D:4      | Killed an ogre
  2817 | D:4      | Reached XP level 6. HP: 42/42 MP: 8/11
  3011 | D:5      | Entered Level 5 of the Dungeon
  3011 | D:5      | Noticed Blork the orc
  3023 | D:5      | Killed Blork the orc
  3067 | D:5      | Noticed Dowan
  3081 | D:5      | Noticed Duvessa
  3097 | D:5      | Killed Duvessa
  3098 | D:5      | Reached skill level 1 in Throwing
  3105 | D:5      | Killed Dowan
  3106 | D:5      | Your scales start taking on a pale cyan-grey colour.
  3106 | D:5      | Reached XP level 7. HP: 40/46 MP: 10/12
  3106 | D:5      | Gained mutation: You are immune to the effects of steam.
                  | [Pale Draconian growth]
  3163 | D:5      | Got Neshru's Vellum of Burning and Alteration
  3216 | D:5      | Gained mutation: You have large cloven feet. [potion of
                  | mutation]
  3216 | D:5      | Gained mutation: Your mind is acute. (Int +4, Str/Dex -1)
                  | [potion of mutation]
  3217 | D:5      | Lost mutation: You have large cloven feet. [potion of
                  | mutation]
  3217 | D:5      | Lost mutation: Your mind is acute. (Int +4, Str/Dex -1)
                  | [potion of mutation]
  3217 | D:5      | Gained mutation: Your tail ends in a venomous barb. [potion
                  | of mutation]
  3217 | D:5      | Gained mutation: You have a pair of small horns on your
                  | head. [potion of mutation]
  3217 | D:5      | Gained mutation: Your large and strong wings let you fly.
                  | [potion of mutation]
  3390 | D:5      | Found a broken altar of Ashenzari.
  3714 | D:6      | Found a basalt altar of Yredelemnul.
  3988 | D:6      | Reached **** piety under Hepliaklqana
  4004 | D:6      | Reached skill level 5 in Unarmed Combat
  4178 | D:7      | Reached skill level 5 in Transmutations
  4211 | D:7      | Found a staircase to the Ecumenical Temple.
  4232 | D:7      | Reached XP level 8. HP: 54/54 MP: 13/13
  4372 | D:7      | Mangled by an orc warrior

Illustrated notes

Levels and vault maps discovered:
D:1:      minmay_arrival_radiant_lines, layout_rooms, serial_bayou,
          serial_bayou_lagoon_a, serial_bayou_crossing, serial_bayou_pond_b,
          serial_bayou_ford_a, ebering_ecumenical_altar_rust
D:2:      layout_basic
D:3:      minmay_door_path, layout_rooms, minmay_ruptured
D:4:      layout_basic, mainiacjoe_overflow_surrounded_room, serial_bayou,
          serial_bayou_pond_c, serial_bayou_lake_a, serial_bayou_pond_e,
          serial_bayou_pond_d
D:5:      layout_rooms, nicolae_ashenzari_panopticon,
          hangedman_abyss_or_decor_slice, uniq_duvessa, uniq_blork_the_orc
D:6:      layout_cave_pools, yredelemnul_altar_generic,
          kennysheep_big_empty_room
D:7:      layout_rooms, marbit_many_paths, minmay_temple_entry_tees,
          nzn_ghost_randoct, hangedman_minor_gate_pass

Skill      XL: |  1  2  3  4  5  6  7 |
---------------+----------------------+-----
Dodging        | 2 3 |  3.7
Stealth        | 1 2 |  2.0
Unarmed Combat | 4 5 |  5.4
Spellcasting   | 3 |  3.9
Transmutations | 3 4 5 |  5.1
Throwing       | 1 2 |  2.6
Fighting       | |  1.7
Shields        | |  0.3
Evocations     | |  0.5

Action                     |  1- 3 |  4- 6 |  7- 9 || total
---------------------------+-------+-------+-------++-------
  Melee: Unarmed           |    90 |    58 |    63 ||   211
         Headbutt          |     8 |     4 |    16 ||    28
         Kick              |     7 |    10 |       ||    17
         Tailslap          |     6 |     6 |     9 ||    21
         Punch             |     1 |       |     1 ||     2
  Throw: Dart              |       |    33 |     6 ||    39
   Cast: Beastly Appendage |    17 |    13 |     1 ||    31
         Wereblood         |     4 |     5 |     3 ||    12
         Spider Form       |       |       |     1 ||     1
 Invoke: Ancestor Life: Kn |     1 |       |       ||     1
Ability: Breathe Steam     |       |       |     1 ||     1
  Evoke: Wand              |       |     3 |       ||     3
    Use: Scroll            |     3 |     1 |     1 ||     5
         Potion            |       |       |     3 ||     3
   Stab: Sleeping          |     3 |     3 |       ||     6
 Armour: Skin              |    32 |    17 |    11 ||    60
  Dodge: Dodged            |    66 |    27 |    33 ||   126
  Block: Other             |       |     8 |    16 ||    24
         Reflection        |       |       |     2 ||     2
